 Dungeon Crawl Stone Soup version 0.32-a0-675-gdc239d62e1 (webtiles) character file.

Game seed: 594385591422123287

574 mopl the Magician (level 7, -20/41 HPs)
             Began as an Octopode Hedge Wizard on Mar 10, 2024.
             Was an Initiate of Vehumet.
             Demolished by an ogre
             ... wielding a +0 giant club
              (36 damage)
             ... on level 5 of the Dungeon on Mar 11, 2024.
             The game lasted 00:05:07 (3644 turns).

mopl the Magician (Octopode Hedge Wizard)           Turns: 3644, Time: 00:05:09

Health: -20/41     AC:  1    Str:  9    XL:     7   Next: 35%
Magic:  12/14      EV: 13    Int: 19    God:    Vehumet [......]
Gold:   148        SH:  0    Dex: 11    Spells: 10/16 levels left

rFire   . . .        a - +0 dagger (drain)
rCold   . . .        (no shield)
rNeg    . . .        b - +0 hat
rPois   .            o - amulet of magic regeneration
rElec   .            (no ring)
rCorr   .            (no ring)
SInv    .            (no ring)
Will    .....        (no ring)
Stlth   +++          (no ring)
HPRegen 0.26/turn    (no ring)
MPRegen 0.54/turn    (no ring)
                     (no ring)

%: no passive effects
@: no status effects
A: almost no armour, amphibious, 8 rings, camouflage 1, gelatinous body 1,
(nimble swimmer 1), tentacles
a: Renounce Religion


You were on level 5 of the Dungeon.
You worshipped Vehumet.
Vehumet was noncommittal.
You visited 2 branches of the dungeon, and saw 6 of its levels.

You collected 148 gold pieces.

Inventory:

Hand Weapons
 a - a +0 dagger of draining (weapon)
Missiles
 f - 2 atropa-tipped darts
 t - a boomerang
 v - 2 poisoned darts
Armour
 b - a +0 hat (worn)
 y - a +0 chain mail of poison resistance
Jewellery
 n - an amulet of the acrobat
 o - an amulet of magic regeneration (around mantle)
Wands
 k - a wand of warping (7)
 w - a wand of flame (19)
 z - a wand of acid (6)
Scrolls
 i - 2 scrolls of silence {unknown}
 j - a scroll of blinking {unknown}
 l - a scroll of noise {unknown}
 m - 2 scrolls of identify {unknown}
 p - a scroll of torment {unknown}
 q - a scroll of amnesia {unknown}
 s - a scroll of fear {unknown}
 u - a scroll of teleportation {unknown}
Potions
 c - a potion of magic
 d - a potion of might {unknown}
 e - 2 potions of heal wounds {unknown}
 g - a potion of degeneration {unknown}
 h - 3 potions of lignification {unknown}
 r - a potion of haste {unknown}
 x - a potion of ambrosia {unknown}


   Skills:
 - Level 2.0 Dodging
 - Level 2.6 Stealth
 + Level 5.2 Spellcasting
 + Level 4.6 Conjurations
 - Level 1.0 Summonings
 - Level 3.0 Translocations
 + Level 2.1 Alchemy


You had 10 spell levels left.
You knew the following spells:

 Your Spells              Type           Power      Damage    Failure   Level
a - Magic Dart            Conj           88%        1d7       1%          1
c - Mephitic Cloud        Conj/Alch/Air  13%        N/A       14%         3
e - Blink                 Tloc           32%        N/A       5%          2

Your spell library contained the following spells:

 Spells                   Type           Power      Damage    Failure   Level
 Slow                     Hex            16%        N/A       12%         1
 Call Imp                 Summ           16%        N/A       12%         2
 Cigotuvi's Dreadful Rot  Necr/Alch/Air  14%        N/A       14%         2
 Dazzling Flash           Conj/Hex       26%        N/A       14%         3
 Ensorcelled Hibernation  Hex/Ice        8%         N/A       19%         2
 Fugue of the Fallen      Necr           4%         N/A       36%         3
 Anguish                  Hex/Necr       2%         N/A       77%         4
 Curse of Agony           Necr           4%         N/A       98%         5
 Silence                  Hex/Air        2%         N/A       98%         5


Dungeon Overview and Level Annotations

Branches:
Dungeon (5/15)             Temple (1/1) D:5

Altars:
Ashenzari
Dithmenos
Elyvilon
Fedhas
Hepliaklqana
Kikubaaqudgha
Nemelex Xobeh
Qazlal
Ru
Sif Muna
Trog
Uskayaw
Vehumet
Yredelemnul

Shops:
D:2 [

Annotations:
D:3 1 runed translucent door, Jackeror's ghost, amateur HuBe


Innate Abilities, Weirdness & Mutations

You cannot wear most types of armour.
You are amphibious.
You can wear up to eight rings at the same time.
Your skin changes colour to match your surroundings (Stealth+).
Your rubbery body absorbs attacks. (AC +1, EV +1)
((You are camouflaged when in or above water. (Stealth+)))
You have tentacles for arms and can constrict up to eight enemies at once.


Message History

The magic dart hits the iguana.
The iguana is severely wounded.
The magic dart hits the iguana but does no damage.
The iguana is heavily wounded.
The magic dart hits the iguana.
The iguana is severely wounded.
The magic dart hits the iguana.
The iguana is severely wounded.
The magic dart hits the iguana!
You kill the iguana!
Vehumet accepts your kill.
No target in view!
You see here an iguana corpse.
Magic restored.
An ogre comes into view. It is wielding a +0 giant club.
The magic dart hits the ogre.
The ogre is lightly wounded.
The ogre shouts!
The magic dart hits the ogre.
The ogre is moderately wounded.
The magic dart hits the ogre.
The ogre is moderately wounded.
The magic dart hits the ogre.
The ogre is heavily wounded.
You hit the ogre. You squeeze the ogre, but do no damage.
The ogre is severely wounded.
The ogre hits you with a +0 giant club!!
Ouch! That really hurt!
You are too injured to fight recklessly!
You are too injured to fight recklessly!
Casting: Magic Dart (safe; 1% risk of failure)
Confirm with . or Enter, or press ? or * to list all spells.
Aiming: Magic Dart (safe; 1% risk of failure)
Press: ? - help, Shift-Dir - straight line, f/p - ogre
Aim: an ogre, wielding a +0 giant club (severely wounded, 100% to hit)
The magic dart hits the ogre.
The ogre is severely wounded.
The ogre hits you with a +0 giant club!!!
Ouch! That really hurt!
You die...

.............>...........#
.....#######.##########.##
.....# #####.# #.#
....>###...#†# #.#
.....#...>.#.# #.#
.).....#.....# #.#
###########..# #.# #
##.##########.# #
#.##.@.....†.# #
#.##O######### # #.##. #
#.##. # #.##. # #.##.
#.##. #.##. #.#


You could see an ogre.

Vanquished Creatures
  A scorpion (D:5)
  A howler monkey (D:3)
  4 bombardier beetles
  A jelly (D:4)
  A hound (D:4)
  An orc priest (D:3)
  An iguana (D:5)
  Ijyb (D:5)
  8 gnolls
  4 adders
  2 ribbon worms (D:2)
  A dart slug (D:1)
  6 orcs
  11 endoplasms
  7 hobgoblins
  2 jackals (D:2)
  13 kobolds
  2 quokkas
  6 ball pythons
  5 bats
  3 frilled lizards (D:1)
  7 goblins
  7 rats
  A butterfly (D:5)
96 creatures vanquished.

Notes
Turn   | Place    | Note
-------+----------+-------------------------------------------
     0 | D:1      | mopl the Octopode Hedge Wizard began the quest for the Orb.
     0 | D:1      | Reached XP level 1. HP: 11/11 MP: 4/4
    88 | D:1      | Reached XP level 2. HP: 17/17 MP: 6/6
   288 | D:1      | Learned a level 2 spell: Blink
   408 | D:1      | Reached XP level 3. HP: 21/21 MP: 7/7
  1059 | D:2      | Reached skill level 2 in Conjurations
  1120 | D:2      | Reached skill level 2 in Translocations
  1220 | D:2      | Reached XP level 4. HP: 20/27 MP: 4/9
  1254 | D:2      | Found Luhox's Antique Armour Shop.
  1707 | D:3      | Found a runed translucent door.
  1708 | D:3      | Noticed Jackeror's ghost (amateur HuBe)
  1832 | D:3      | Reached XP level 5. HP: 31/31 MP: 6/10
  2138 | D:3      | Reached skill level 4 in Spellcasting
  2238 | D:4      | Upgraded the game from 0.32-a0-673-g3729bd50f8 to
                  | 0.32-a0-675-gdc239d62e1
  2242 | D:4      | Reached skill level 3 in Conjurations
  2242 | D:4      | Reached skill level 3 in Translocations
  2329 | D:4      | Reached XP level 6. HP: 29/36 MP: 8/12
  2580 | D:4      | Reached skill level 4 in Conjurations
  2678 | D:4      | Learned a level 3 spell: Mephitic Cloud
  2839 | D:4      | Reached skill level 1 in Alchemy
  2981 | D:4      | Found a stormy altar of Qazlal.
  3045 | D:5      | Entered Level 5 of the Dungeon
  3247 | D:5      | Reached skill level 5 in Spellcasting
  3247 | D:5      | Reached XP level 7. HP: 41/41 MP: 11/14
  3509 | D:5      | Noticed Ijyb
  3514 | D:5      | Killed Ijyb
  3515 | D:5      | Reached skill level 2 in Alchemy
  3546 | D:5      | Found a staircase to the Ecumenical Temple.
  3572 | Temple   | Entered the Ecumenical Temple
  3585 | Temple   | Became a worshipper of Vehumet
  3644 | D:5      | Demolished by an ogre

Illustrated notes

Levels and vault maps discovered:
D:1:      nicolae_arrival_washed_ashore, layout_loops_corners,
          dk_noncrumbling_4, minmay_misc_feat_more_columns, minmay_tetromino_s2
D:2:      layout_basic, serial_shops, shop
D:3:      layout_loops_ring, gammafunk_ghost_grave
D:4:      layout_rooms, mainiacjoe_overflow_alcove_4, kennysheep_generic_room_12
D:5:      minmay_recursive_quarters, layout_basic,
          minmay_temple_entry_butterflies, uniq_ijyb, uniq_blork_the_orc
Temple:   cyrus_circular_temple

Skill      XL: |  1  2  3  4  5  6  7 |
---------------+----------------------+-----
Conjurations   | 2 3 4 |  4.6
Translocations | 2 3 |  3.0
Spellcasting   | 4 5 |  5.2
Alchemy        | 1 2 |  2.1
Dodging        | |  2.0
Stealth        | |  2.6
Summonings     | |  1.0

Action                     |  1- 3 |  4- 6 |  7- 9 || total
---------------------------+-------+-------+-------++-------
  Melee: Dagger            |    61 |    35 |    16 ||   112
         Constrict         |    19 |    10 |     5 ||    34
         Tentacles         |    14 |     5 |     5 ||    24
   Cast: Magic Dart        |    24 |   142 |    21 ||   187
   Stab: Sleeping          |     9 |     1 |       ||    10
 Armour: Skin              |    21 |    28 |     9 ||    58
  Dodge: Dodged            |    31 |    38 |     6 ||    75

Table legend: (Time is in decaauts)
 A = Elapsed time spent in this place.
 B = Non-inter-level travel time spent in this place.
 C = Inter-level travel time spent in this place.
 D = Time resting spent in this place.
 E = Time spent auto-exploring this place.
 F = Levels seen in this place.
 G = Mean time per level.
                   A        B        C        D        E       F      G
               +--------+--------+--------+--------+--------+-----+--------+
         Total |   3646 |   3455 |    191 |    465 |   2293 |   6 |  607.7 |
       Dungeon |   3619 |   3442 |    177 |    465 |   2293 |   5 |  723.8 |
        Temple |     26 |     13 |     13 |      0 |      0 |   1 |   26.0 |
               +--------+--------+--------+--------+--------+-----+--------+

Top non-repeatable levels by time:
     D:1: 930 daAuts
     D:3: 826 daAuts
     D:2: 673 daAuts
     D:4: 616 daAuts
     D:5: 572 daAuts
  Temple: 26 daAuts
